 Dungeon Crawl Stone Soup version 0.21.1-1-g345015fe64 (webtiles) character file.

421 ponypharmacist the Slasher (level 6, -3/38 HPs)
             Began as a Gargoyle Fighter on May 30, 2018.
             Was an Initiate of Ru.
             Slain by an ogre
             ... wielding a +0 giant spiked club
              (14 damage)
             ... on level 4 of the Dungeon.
             The game lasted 00:09:15 (2651 turns).

ponypharmacist the Slasher (Gargoyle Fighter)       Turns: 2651, Time: 00:09:15

Health: -3/38      AC: 11    Str: 21    XL:     6   Next: 94%
Magic:  6/6        EV:  7    Int: 13    God:    Ru [......]
Gold:   215        SH: 15    Dex: 10    Spells: 5/5 levels left

rFire    . . .     SeeInvis .   a - +0 long sword
rCold    . . .     Gourm    .   c - +0 shield
rNeg     + . .     Faith    .   i - +0 scale mail
rPois    ∞         Spirit   .   (no helmet)
rElec    +         Reflect  +   (no cloak)
rCorr    .         Harm     .   (no gloves)
MR       +....                  (no boots)
Stlth    ..........             v - +6 amulet of reflection
HPRegen  0.12/turn              x - ring of protection from magic
MPRegen  0.10/turn              z - +5 ring of intelligence

@: no status effects
A: negative energy resistance 1, electricity resistance, unbreathing,
petrification resistance, rot immunity, AC +4
a: Renounce Religion


You were on level 4 of the Dungeon.
You worshipped Ru.
Ru was noncommittal.
You were not hungry.

You visited 2 branches of the dungeon, and saw 5 of its levels.

You collected 215 gold pieces.

Inventory:

Hand Weapons
 a - a +0 long sword (weapon)
 b - a +0 hunting sling
Missiles
 e - 2 throwing nets (quivered)
 k - 72 stones
Armour
 c - a +0 shield (worn)
 i - a +0 scale mail (worn)
Jewellery
 v - a +6 amulet of reflection (around neck)
 x - a ring of protection from magic (left hand)
 z - a +5 ring of intelligence (right hand)
Scrolls
 g - 3 scrolls of amnesia {unknown}
 h - 6 scrolls of identify
 j - a scroll of immolation {unknown}
 m - a scroll of fog {unknown}
 n - 2 scrolls of enchant weapon {unknown}
 p - 3 scrolls of teleportation {unknown}
 q - a scroll of enchant armour {unknown}
 r - a scroll of noise {unknown}
 u - 2 scrolls of random uselessness {unknown}
 w - a scroll of fear {unknown}
 y - a scroll of remove curse {unknown}
Potions
 d - a potion of might
 l - a potion of haste
 o - a potion of flight
 s - 2 potions of heal wounds
 t - a potion of lignification
Comestibles
 f - 6 rations
 A - 3 chunks of flesh


   Skills:
 + Level 3.9 Fighting
 * Level 6.0 Long Blades
 + Level 3.9 Armour
 - Level 3.2 Shields


You had 5 spell levels left.
You didn't know any spells.

Dungeon Overview and Level Annotations

Branches:
Dungeon (4/15)             Temple (1/1) D:4

Altars:
Ashenzari
Dithmenos
Elyvilon
Fedhas
Gozag
Kikubaaqudgha
Makhleb
Nemelex Xobeh
Okawaru
Ru
Sif Muna
Trog
Vehumet
Xom
Zin
The Shining One

Annotations:
D:3 Kuruc's ghost, amateur MiGl


Innate Abilities, Weirdness & Mutations

You are resistant to torment.
Your stone body is resilient. (AC +4)
You are immune to poison.
You resist negative energy. (rN+)
You are resistant to electric shocks. (rElec)
You can survive without breathing.
You are immune to petrification.
You are immune to rotting.


Message History

You block the ogre's attack.
You hit the ogre.
The ogre is severely wounded.
You block the ogre's attack.
You barely miss the ogre.
The ogre is severely wounded.
Your shield and scale mail prevent you from hitting the ogre.
The ogre is severely wounded.
You block the ogre's attack.
You hit the ogre.
The ogre is almost dead.
You block the ogre's attack.
You hit the ogre.
The ogre is almost dead.
The ogre barely misses you.
You riposte.
You hit the ogre.
The ogre is almost dead.
You hit the ogre but do no damage.
The ogre is almost dead.
The ogre hits you with a giant spiked club!
You die...

#..## #.... #...# #...#
#...# #### #####...# #.#
...# ###∩#.#.O.# #.#
...### #.._..#.@.# #.#
.....# #....##...# #.#
.....# ##...##...# #.#
.....# #÷...##...###.#
.....####....##.......##
#.........<............#
#.########..###......#.#
#.# ##.# ##.###.#.# #.#
#.# #.# #.#.#


You could see an ogre.

Vanquished Creatures
  Sigmund (D:2)
  A phantom (D:3)
  A scorpion (D:4)
  A hound (D:4)
  Natasha (D:3)
  Terence (D:2)
  2 worms (D:2)
  A dart slug (D:3)
  A leopard gecko (D:1)
  6 bats
  4 goblins
  6 hobgoblins
  A quokka (D:2)
  A ball python (D:2)
  5 frilled lizards
  8 kobolds
  6 rats
47 creatures vanquished.

Notes
Turn   | Place    | Note
-------+----------+-------------------------------------------
     0 | D:1      | ponypharmacist the Gargoyle Fighter began the quest for the Orb.
     0 | D:1      | Reached XP level 1. HP: 14/14 MP: 1/1
    20 | D:1      | Reached skill level 2 in Long Blades
   168 | D:1      | Reached XP level 2. HP: 19/19 MP: 2/2
   948 | D:2      | Reached skill level 3 in Long Blades
   960 | D:2      | Reached XP level 3. HP: 13/23 MP: 3/3
  1222 | D:2      | Noticed Terence
  1223 | D:2      | Noticed Sigmund
  1235 | D:2      | Killed Terence
  1235 | D:2      | Reached XP level 4. HP: 13/28 MP: 4/4
  1244 | D:2      | Killed Sigmund
  1244 | D:2      | Reached skill level 5 in Long Blades
  1244 | D:2      | Reached XP level 5. HP: 12/32 MP: 5/5
  1902 | D:3      | Reached XP level 6. HP: 37/37 MP: 6/6
  2177 | D:3      | Noticed Natasha
  2179 | D:3      | Noticed a phantom
  2184 | D:3      | Killed Natasha
  2219 | D:3      | Killed a phantom
  2360 | D:3      | Noticed Kuruc's ghost (amateur MiGl)
  2475 | D:4      | Found a staircase to the Ecumenical Temple.
  2491 | Temple   | Entered the Ecumenical Temple
  2523 | Temple   | Became a worshipper of Ru the Awakened
  2596 | D:4      | Found a burning altar of Makhleb.
  2605 | D:4      | Reached skill level 6 in Long Blades
  2651 | D:4      | Slain by an ogre

Skill      XL: |  1  2  3  4  5  6 |
---------------+-------------------+-----
Long Blades    | 2 3 5 6 |  6.0
Fighting       | |  3.9
Armour         | |  3.9
Shields        | |  3.2

Action                   |  1- 3 |  4- 6 || total
-------------------------+-------+-------++-------
Melee: Long sword        |    88 |   100 ||   188
  Use: Potion            |     1 |     4 ||     5
       Scroll            |       |     1 ||     1
  Eat: Chunk             |     1 |     3 ||     4
       Ration            |       |     1 ||     1
Armor: Scale mail        |    36 |    34 ||    70
       Skin              |       |     2 ||     2
Dodge: Dodged            |    26 |    15 ||    41
Block: Shield            |    44 |    51 ||    95
       Reflection        |       |     1 ||     1
       Rpst.: Long sword |     7 |     5 ||    12
